 Dungeon Crawl Stone Soup version 0.14-a0-629-g748cab2 (webtiles) character file.

133 Malachi the Ruffian (level 3, -8/28 HPs)
             Began as a Draconian Transmuter on Nov 5, 2013.
             Mangled by a kobold
             ... wielding a +2,+2 whip of electrocution
              (13 damage)
             ... on Level 1 of the Dungeon.
             The game lasted 00:03:28 (1503 turns).

Malachi the Ruffian (Draconian Transmuter)          Turns: 1503, Time: 00:03:28

HP  -8/28        AC  5     Str 12      XL: 3   Next: 73%
MP   4/4         EV 12     Int 14      God:
Gold 76          SH  0     Dex 11      Spells:  3 memorised,  0 levels left

Res.Fire  : . . .   See Invis. : .     - Unarmed
Res.Cold  : + . .   Warding    : .   (armour unavailable)
Life Prot.: . . .   Conserve   : .   (no shield)
Res.Poison: .       Res.Corr.  : +   (helmet restricted)
Res.Elec. : .       Clarity    : .   (no cloak)
Sust.Abil.: . .     Spirit.Shd : .   (no gloves)
Res.Mut.  : .       Stasis     : .   (no boots)
Res.Rott. : .       Flight     : .   f - amulet of resist corrosion
Saprovore : . . .                    (no ring)
                                     j - ring of protection from cold

@: not resistant to hostile enchantments, unstealthy
A: unfitting armour, AC +5
a: no special abilities


You were on level 1 of the Dungeon.
You were not hungry.

You visited 1 branch of the dungeon, and saw 2 of its levels.

You collected 76 gold pieces.

Inventory:

Missiles
 b - 10 arrows
 k - 19 arrows of dispersal
Comestibles
 a - a bread ration
 g - an apple
 h - 2 rotting chunks of hobgoblin flesh
 o - a rotting chunk of bat flesh
Scrolls
 e - 2 scrolls of remove curse {unknown}
 l - a scroll of magic mapping
Jewellery
 f - an amulet of resist corrosion (around neck)
 j - a ring of protection from cold (left hand)
Potions
 c - 3 potions of curing
 i - 2 potions of agility {unknown}
 m - a potion of mutation {unknown}
 n - 2 potions of restore abilities {unknown}
Books
 d - a book of Changes

   Spells                             Type                      Level
   *Beastly Appendage                 Transmutation                1
   *Sticks to Snakes                  Transmutation                2
   *Spider Form                       Transmutation/Poison         3
   Ice Form                           Ice/Transmutation            4
   Blade Hands                        Transmutation                5


   Skills:
 + Level 1.4 Fighting
 + Level 2.4 Dodging
 + Level 0.4 Stealth
 * Level 4.0 Unarmed Combat
 - Level 2.0 Spellcasting
 + Level 2.1 Transmutations


You couldn't memorise any spells.
You knew the following spells:

 Your Spells              Type           Power        Failure   Level  Hunger
a - Beastly Appendage     Trmt           #.....       12%         1    ##.....
b - Sticks to Snakes      Trmt           #.........   17%         2    ###....
c - Spider Form           Trmt/Pois      #.........   47%         3    ####...


Dungeon Overview and Level Annotations

Branches:
Dungeon (2/27)

Altars:


Message History

The kobold throws a dart.
The dart hits you!
You see here a dart.
You hit the kobold but do no damage.
You tail-slap the kobold, but do no damage.
The kobold closely misses you.
You hit the kobold but do no damage. The kobold barely misses you.
You closely miss the kobold.
The kobold hits you with a glowing whip.
You closely miss the kobold. The kobold hits you but does no damage.
You are electrocuted!
* * * LOW HITPOINT WARNING * * *
You are too injured to fight recklessly!
You are too injured to fight recklessly!
You hit the kobold.
The kobold is moderately wounded.
The kobold hits you but does no damage.
You hit the kobold.
The kobold is severely wounded.
The kobold hits you but does no damage.
You are electrocuted!
You die...

#..###.##### ##.#.#.# #.#.....##
#.#.#.# #.##....[#######.#.#.#
#.##.............#.#.#####
####.##.....#########.#......
#....###..)## #.#...#.. #....#
##.### #.#.#....
####....####...#########.#.##..#
#.........####K@(..((....#..####
#.........# #######..####8..++⌠
#.........# #..# #..####
####...#### #).# ##.##..#
#...#############..# #.)#....
#............>S....# #.......
#################.####.......
#...)........ #######.#.#..


You could see a kobold.

Vanquished Creatures
  An adder (D:2)
  A giant gecko (D:1)
  3 giant cockroaches (D:1)
  4 goblins
  6 hobgoblins
  4 jackals (D:1)
  7 bats
  A giant newt (D:2)
  8 kobolds
  5 rats
40 creatures vanquished.

Vanquished Creatures (collateral kills)
  A gnoll (D:1)
1 creature vanquished.

Grand Total: 41 creatures vanquished

Notes
Turn   | Place    | Note
--------------------------------------------------------------
     0 | D:1      | Malachi, the Draconian Transmuter, began the quest for the Orb.
     0 | D:1      | Reached XP level 1. HP: 16/16 MP: 1/1
   174 | D:1      | Reached XP level 2. HP: 17/23 MP: 3/3
   753 | D:1      | Reached XP level 3. HP: 20/28 MP: 4/4
   860 | D:1      | Learned a level 2 spell: Sticks to Snakes
   864 | D:1      | Learned a level 3 spell: Spider Form
   985 | D:2      | Reached skill level 4 in Unarmed Combat
  1503 | D:1      | Mangled by a kobold

Action                   || total
-------------------------++-------
Melee: Unarmed           ||   186
 Cast: Sticks to Snakes  ||     4
       Beastly Appendage ||     2
  Use: Potion            ||     1
       Scroll            ||    10
 Stab: Sleeping          ||     1
